 Dungeon Crawl Stone Soup version 0.18.1-6-gd335043 (webtiles) character file.

114 Moloch the Poker (level 4, -6/39 HPs)
             Began as a Hill Orc Fighter on May 19, 2016.
             Mangled by an ogre
             ... wielding a +0 giant club
              (21 damage)
             ... on level 4 of the Dungeon.
             The game lasted 00:02:35 (2533 turns).

Moloch the Poker (Hill Orc Fighter)                 Turns: 2533, Time: 00:02:36

Health: -6/39      AC: 11    Str: 19    XL:     4   Next: 97%
Magic:  4/4        EV:  5    Int:  8    God:
Gold:   179        SH:  9    Dex: 10    Spells: 0 memorised, 3 levels left

rFire  . . .     SeeInvis .     a - +0 trident
rCold  . . .     Gourm    .     t - +0 chain mail
rNeg   + . .     Faith    .     c - +0 shield
rPois  +         Spirit   .     x - +0 helmet (curse)
rElec  .         Dismiss  .     (no cloak)
rCorr  .         Reflect  .     y - +0 pair of gloves
SustAt .         Harm     .     (no boots)
MR     .....                    (no amulet)
Stlth  ..........               D - ring of positive energy
                                n - ring of poison resistance

@: not resistant to hostile enchantments, extremely unstealthy
A: no striking features
a: no special abilities


You were on level 4 of the Dungeon.
You were hungry.

You visited 1 branch of the dungeon, and saw 4 of its levels.

You collected 179 gold pieces.

Inventory:

Hand Weapons
 a - a +0 trident (weapon)
Armour
 c - a +0 shield (worn)
 t - a +0 chain mail (worn)
 x - a cursed +0 helmet (worn)
 y - a +0 pair of gloves (worn)
Jewellery
 n - a ring of poison resistance (left hand)
 D - a ring of positive energy (right hand)
Wands
 u - a wand of iceblast (6/15)
 w - a wand of random effects (15/48)
Scrolls
 e - 3 scrolls of remove curse {unknown}
 h - 2 scrolls of enchant weapon {unknown}
 k - 2 scrolls of enchant armour {unknown}
 l - 5 scrolls of identify {unknown}
 p - 3 scrolls of fear {unknown}
 r - a scroll of fog {unknown}
Potions
 d - a potion of might
 i - a potion of flight {unknown}
 m - 2 potions of degeneration {unknown}
 o - 5 potions of brilliance {unknown}
 q - 3 potions of cancellation {unknown}
 s - 3 potions of curing {unknown}
 v - a potion of ambrosia {unknown}
 z - a potion of heal wounds {unknown}
 B - a potion of lignification {unknown}
 C - a potion of resistance {unknown}
Comestibles
 b - 2 meat rations
 f - 6 bread rations
 g - a beef jerky
 j - a slice of pizza
 A - 5 fruits


   Skills:
 - Level 3.6 Fighting
 + Level 5.4 Polearms
 - Level 3.2 Armour
 - Level 3.2 Shields


You had 3 spell levels left.
You didn't know any spells.

Dungeon Overview and Level Annotations

Branches:
Dungeon (4/15)
 Temple: D:4-7

Altars:
Ru
Trog


Message History

Attack whom?
Press: ? - help, Dir - move target cursor, f - ogre
Aim: an ogre, wielding a giant club You reach to attack!
You hit the ogre.
The ogre is lightly wounded.
You hit the ogre.
The ogre is lightly wounded.
The ogre hits you with a giant club.
You are feeling hungry.
You hit the ogre.
The ogre is moderately wounded.
The ogre hits you with a giant club!!
You puncture the ogre!
The ogre is severely wounded.
The ogre closely misses you.
You barely miss the ogre.
The ogre is severely wounded.
The ogre hits you with a giant club!!
Ouch! That really hurt!
You die...

##.. #... #...
########### #...
#.........# #...
#.........# #.. #...
#.........# ##..# ##..
#.........#####(.....#
#... #.........#@O...#
#.# #...
#............#### #.#
#... #####.####...##
#.# #... #.#
##...######.# #... #.#
##.........#####..
#.## ##..#####.....##.
#..## ##..# #.###.###
##..# ##.# #.# #..>.
##.# #.# #.# #####


You could see an ogre.

Vanquished Creatures
  5 adders
  An adder skeleton (D:4)
  3 worms
  2 dart slugs
  2 giant geckos
  2 orcs (D:3)
  A giant cockroach (D:3)
  7 goblins
  9 hobgoblins
  3 jackals
  4 kobolds
  A ball python (D:3)
  4 bats (D:3)
  4 rats
48 creatures vanquished.

Notes
Turn   | Place    | Note
--------------------------------------------------------------
     0 | D:1      | Moloch the Hill Orc Fighter began the quest for the Orb.
     0 | D:1      | Reached XP level 1. HP: 19/19 MP: 1/1
   331 | D:1      | Reached XP level 2. HP: 26/26 MP: 2/2
   508 | D:1      | Reached skill level 3 in Polearms
   893 | D:2      | Reached skill level 4 in Polearms
   893 | D:2      | Reached XP level 3. HP: 31/31 MP: 3/3
  1223 | D:2      | Found a bloodstained altar of Trog.
  1520 | D:3      | Reached XP level 4. HP: 25/39 MP: 4/4
  1747 | D:3      | Reached skill level 5 in Polearms
  2113 | D:3      | Found a sacrificial altar of Ru.
  2525 | D:4      | Noticed an ogre
  2533 | D:4      | Mangled by an ogre

Skill      XL: |  1  2  3  4 |
---------------+-------------+-----
Polearms       | 4 5 |  5.4
Fighting       | |  3.6
Armour         | |  3.2
Shields        | |  3.2

Action                   |  1- 3 |  4- 6 || total
-------------------------+-------+-------++-------
Melee: Trident           |   118 |   112 ||   230
  Eat: Chunk             |     2 |     3 ||     5
Armor: Scale mail        |     4 |       ||     4
       Chain mail        |    51 |    59 ||   110
Dodge: Dodged            |    19 |    14 ||    33
Block: Shield            |    39 |    43 ||    82
